 Dungeon Crawl Stone Soup version 0.21-a0-625-g1119ec1 (webtiles) character file.

18 tof the Slasher (level 2, -1/27 HPs)
             Began as a Minotaur Monk on Dec 24, 2017.
             Slain by a kobold
             ... wielding a +1 dagger of venom
              (3 damage)
             ... on level 1 of the Dungeon.
             The game lasted 00:00:50 (329 turns).

tof the Slasher (Minotaur Monk)                      Turns: 329, Time: 00:00:51

Health: -1/27      AC:  2    Str: 15    XL:     2   Next: 48%
Magic:  1/1        EV: 13    Int:  7    God:
Gold:   47         SH:  0    Dex: 12    Spells: 1/1 levels left

rFire    . . .     SeeInvis .   a - +0 falchion
rCold    . . .     Gourm    .   (no shield)
rNeg     . . .     Faith    .   b - +0 robe
rPois    .         Spirit   .   (helmet restricted)
rElec    .         Reflect  .   (no cloak)
rCorr    .         Harm     .   (no gloves)
MR       .....                  (no boots)
Stlth    ++........             (no amulet)
HPRegen  0.09/turn              (no ring)
MPRegen  0.07/turn              (no ring)

@: lethally poisoned (-1 -> -11)
A: retaliatory headbutt, horns 2
a: no special abilities


You were on level 1 of the Dungeon.
You were not hungry.

You visited 1 branch of the dungeon, and saw 1 of its levels.

You collected 47 gold pieces.

Inventory:

Hand Weapons
 a - a +0 falchion (weapon)
Missiles
 e - 10 poisoned needles
 g - 14 stones (quivered)
Armour
 b - a +0 robe (worn)
Scrolls
 h - a scroll of remove curse {unknown}
 i - a scroll of immolation {unknown}
Potions
 d - a potion of flight {unknown}
 j - a potion of haste {unknown}
Comestibles
 c - 3 rations
 f - 5 chunks of flesh


   Skills:
 + Level 3.8 Fighting
 * Level 4.1 Long Blades
 + Level 0.7 Throwing
 + Level 1.0 Armour
 - Level 3.2 Dodging
 - Level 1.5 Stealth


You had one spell level left.
You didn't know any spells.

Dungeon Overview and Level Annotations

Branches:
Dungeon (1/15)

Altars:


Innate Abilities, Weirdness & Mutations

You reflexively headbutt those who attack you in melee.
You have a pair of horns on your head.


Message History

You see here a stone.
You are too injured to fight recklessly!
You are too injured to fight recklessly!
You closely miss the leopard gecko. The leopard gecko bites you. x2
* * * LOW HITPOINT WARNING * * *
You barely miss the leopard gecko. The leopard gecko misses you.
You furiously retaliate!
You headbutt the leopard gecko!
You kill the leopard gecko!
Your Armour skill increases to level 1!
The goblin hits you with a club.
* * * LOW HITPOINT WARNING * * *
The kobold hits you but does no damage.
You are lethally poisoned!
You see here a stone.
You hit the goblin.
You kill the goblin!
* * * LOW HITPOINT WARNING * * *
You feel sick.
The kobold hits you with a dagger of venom.
You die...

#....... .............. .
#....... #.............
#.##.....# #.............
#..?.....## #.............
#....(....# #........####.
#.........# #........# ..
#..((((...# #........## #.
.###.......K)# #........)#.# #
...#..##....#@# #...#####...#
.#......##.####.###.## ##...##
..........#.. #.....# ##..#.#
##..##....##.####.#######..##...
##.......##.....#.#####...###..#.
.......# ###....#.......##)...#..
<....# ###.#....#.....##........#
...#####.#.##..............####.#
.#####...............####.## #.#


You could see a kobold.

Vanquished Creatures
  A leopard gecko (D:1)
  3 bats (D:1)
  2 giant cockroaches (D:1)
  3 goblins (D:1)
  A hobgoblin (D:1)
  2 kobolds (D:1)
  2 rats (D:1)
14 creatures vanquished.

Notes
Turn   | Place    | Note
-------+----------+-------------------------------------------
     0 | D:1      | tof the Minotaur Monk began the quest for the Orb.
     0 | D:1      | Reached XP level 1. HP: 19/19 MP: 0/0
   160 | D:1      | Reached XP level 2. HP: 27/27 MP: 1/1
   214 | D:1      | Reached skill level 4 in Long Blades
   327 | D:1      | Reached skill level 1 in Armour
   329 | D:1      | Slain by a kobold

Vault maps used:
D:1:      dpeg_arrival_long_road

Skill      XL: |  1  2 |
---------------+-------+-----
Long Blades    | 4 |  4.1
Armour         | 1 |  1.0
Fighting       | |  3.8
Throwing       | |  0.7
Dodging        | |  3.2
Stealth        | |  1.5

Action                   || total
-------------------------++-------
Melee: Falchion          ||    21
       Headbutt          ||     2
Throw: Stone             ||    14
Armor: Robe              ||     7
Dodge: Dodged            ||    26
       Rpst.: Falchion   ||     8

Table legend:
 A = Spawn XP
 B = Non-spawn XP
 C = Spawn XP percentage of total XP
 D = Spawn monster count
 E = Non-spawn monster count
 F = Spawn count percentage of total count
 G = Total turns spent on level
                    A         B        C        D         E        F      G
               +---------+---------+-------+---------+---------+-------+---------
         Total |       0 |      26 |   0.0 |       0 |      14 |   0.0 |   329
               +---------+---------+-------+---------+---------+-------+---------
           D:1 |       0 |      26 |   0.0 |       0 |      14 |   0.0 |   329
               +---------+---------+-------+---------+---------+-------+---------
